[Event "Team 45 45 League T84"]
[Site "Internet Chess Club"]
[Date "2020.05.01"]
[Round "5"]
[White "room-matt"]
[Black "pishd"]
[Result "0-1"]
[WhiteElo "1807"]
[BlackElo "1790"]
[Opening "French: Rubinstein variation"]
[ECO "C10"]
[Time "11:08:54"]
[TimeControl "2700+45"]

1. d4 d5 2. Nc3 e6 3. e4 dxe4 4. Nxe4 Nd7 5. Nf3 Ngf6 6. Bg5 h6 7. Nxf6+ Nxf6 8.
Bf4 c5 9. c3 cxd4 10. Qxd4 Qxd4 11. Nxd4 a6 12. Bd3 Bd7 13. O-O Nd5 14. Be5
O-O-O 15. Be4 Nf6 16. Bf3 Ne8 17. Rad1 Bd6 18. Rfe1 Bxe5 19. Rxe5 Nd6 20. Nb3
Kc7 21. Na5 b6 22. Nb3 Nc4 23. Re2 Bc6 24. Rde1 Bxf3 25. gxf3 Rd5 26. Nd4 Rg5+
27. Kf1 Rd8 28. b3 Nd6 29. f4 Rh5 30. f3 Nf5 31. Rc2 Nxd4 32. cxd4+ Kb7 33. Re5
Rxe5 34. dxe5 Rd4 35. Ke2 Rxf4 36. Ke3 g5 37. a3 Rf5 38. Ke4 Rf4+ 39. Ke3 f6 40.
Rd2 fxe5 41. Rd6 Rf6 42. Rd3 Kc7 43. Ke4 Rf5 44. h3 a5 45. b4 axb4 46. axb4 Kc6
47. Rc3+ Kb5 48. Rd3 Kxb4 49. Rd6 Rf4+ 50. Ke3 b5 51. Rxe6 Rh4 52. Rxe5 Rxh3 53.
Ke4 Kc4 54. Re8 b4 55. Rc8+ Kb3 56. Rb8 Kc3 57. Rc8+ Kb2 58. Rc5 b3 59. Rc8 Ka2
60. Ra8+ Kb1 61. Rb8 b2 62. Rg8 Rh2 63. Kd3 Rc2 64. Re8 Rc6 65. Re5 Rc1 66. Ra5
Rd1+ 67. Ke2 Rd6 68. Ke3 Rc6 69. Kd3 Kc1 {White resigns} 0-1

[Event "Team 45 45 League T84"]
[Site "Internet Chess Club"]
[Date "2020.05.01"]
[Round "5"]
[White "Bumun"]
[Black "julesraider"]
[Result "0-1"]
[WhiteElo "1691"]
[BlackElo "1645"]
[Opening "Caro-Kann: classical variation"]
[ECO "B18"]
[Time "16:01:18"]
[TimeControl "2700+45"]

1. e4 c6 2. d4 d5 3. Nc3 dxe4 4. Nxe4 Bf5 5. Ng3 Bg6 6. Nf3 Nd7 7. Bd3 Bxd3 8.
Qxd3 e6 9. Bg5 Qa5+ 10. c3 Ngf6 11. O-O Be7 12. b4 Qc7 13. a4 O-O 14. Ne4 h6 15.
Bh4 Rad8 16. Bg3 Qc8 17. Qe3 Nxe4 18. Qxe4 Nf6 19. Qe2 Nd5 20. Qb2 b6 21. Ne5 c5
22. dxc5 bxc5 23. b5 Bf6 24. c4 Nb4 25. Qe2 Bxe5 26. Bxe5 f6 27. Bc3 Nd3 28.
Rad1 Nf4 29. Qg4 e5 30. Qxc8 Rxc8 31. Rfe1 Rfd8 32. Ba5 Rxd1 33. Rxd1 Ne2+ 34.
Kf1 Nd4 35. Rb1 Rb8 36. Bc7 Rb7 37. Bd6 Ne6 38. a5 a6 39. b6 Kf7 40. Ke2 Nd4+
41. Kd3 Nc6 42. Ra1 Rd7 43. Ke2 Rxd6 44. Ra4 Nd8 45. h4 Rd4 46. h5 Nb7 {White
resigns} 0-1

[Event "Team 45 45 League T84"]
[Site "Internet Chess Club"]
[Date "2020.05.03"]
[Round "5"]
[White "andrew37"]
[Black "liujf"]
[Result "1/2-1/2"]
[WhiteElo "1610"]
[BlackElo "1594"]
[Opening "QGD: Ragozin variation"]
[ECO "D38"]
[Time "18:01:04"]
[TimeControl "2700+45"]

1. Nf3 Nf6 2. c4 e6 3. Nc3 d5 4. d4 Bb4 5. cxd5 exd5 6. Bg5 h6 7. Bh4 c6 8. e3
Bf5 9. Qb3 Bxc3+ 10. bxc3 Qb6 11. Bxf6 Qxb3 12. axb3 gxf6 13. Nd2 Nd7 14. Be2
Rg8 15. O-O Bh3 16. Bf3 a6 17. Kh1 Bf5 18. e4 dxe4 19. Bxe4 Bg6 20. Rfe1 O-O-O
21. Nc4 Kc7 22. Ra2 Rde8 23. Rae2 Bxe4 24. Rxe4 Rxe4 25. Rxe4 Rg5 26. Re7 Rg7
27. g3 Kd8 28. Re3 Kc7 29. Re7 Kd8 30. Re3 Kc7 31. Re7 {Game drawn by
repetition} 1/2-1/2

[Event "Team 45 45 League T84"]
[Site "Internet Chess Club"]
[Date "2020.05.08"]
[Round "5"]
[White "chessnutdale"]
[Black "rubo"]
[Result "0-1"]
[WhiteElo "1384"]
[BlackElo "1529"]
[Opening "Torre attack (Tartakower variation)"]
[ECO "D03"]
[Time "17:16:22"]
[TimeControl "2700+45"]

1. d4 Nf6 2. Nf3 d5 3. Bg5 Ne4 4. Bf4 e6 5. Nbd2 c5 6. e3 Nc6 7. Bb5 Qb6 8.
Bxc6+ bxc6 9. Nxe4 dxe4 10. Ne5 cxd4 11. O-O dxe3 12. fxe3 Be7 13. Nxf7 O-O 14.
Nh6+ Kh8 15. Kh1 Ba6 16. Re1 Rxf4 17. exf4 gxh6 18. Qd7 Qb7 19. Qxe6 Bf8 20. b3
c5 21. Rad1 Bb5 22. Re3 Re8 23. Qf6+ Bg7 24. Qh4 Qc7 25. f5 Bc6 26. f6 Bf8 27.
Rf1 Qf7 28. Qg4 Be7 29. Qh4 h5 30. Kg1 Rf8 31. Rc3 Bxf6 32. Qe1 Bd4+ {White
resigns} 0-1

[Event "Team 45 45 League T84"]
[Site "Internet Chess Club"]
[Date "2020.05.02"]
[Round "5"]
[White "trombone"]
[Black "VictorRed"]
[Result "1-0"]
[WhiteElo "1770"]
[BlackElo "1560"]
[Opening "Philidor's defense"]
[ECO "C41"]
[Time "15:16:26"]
[TimeControl "2700+45"]

1. e4 e5 2. Nf3 d6 3. Bc4 Be7 4. O-O Bg4 5. Nc3 Nf6 6. d3 Nc6 7. Ne2 Bxf3 8.
gxf3 Na5 9. Bb5+ c6 10. Ba4 b5 11. Bb3 Nxb3 12. axb3 O-O 13. f4 Nd7 14. Kh1 f5
15. Be3 fxe4 16. dxe4 a6 17. Qd2 Nf6 18. f3 Qc7 19. b4 d5 20. fxe5 Qxe5 21. Bd4
Qc7 22. e5 Nd7 23. f4 g6 24. c3 Qb7 25. Rg1 c5 26. bxc5 Nxc5 27. Raf1 Ne4 28.
Qe3 Rf5 29. Qh3 Raf8 30. Rg4 Bc5 31. Qh4 Be7 32. Qh3 Qc8 33. Rfg1 Qe6 34. Qh6
R5f7 35. Rxg6+ Qxg6 36. Rxg6+ hxg6 37. Qxg6+ Rg7 38. Qe6+ Kh7 39. Qxd5 Nd2 40.
e6 Rg6 41. f5 Rh6 42. Qb7 {Black resigns} 1-0

[Event "Team 45 45 League T84"]
[Site "Internet Chess Club"]
[Date "2020.05.03"]
[Round "5"]
[White "kabindra"]
[Black "WillC"]
[Result "1-0"]
[WhiteElo "1685"]
[BlackElo "1562"]
[Opening "Caro-Kann: advance variation"]
[ECO "B12"]
[Time "12:01:23"]
[TimeControl "2700+45"]

1. e4 c6 2. d4 d5 3. e5 Bf5 4. Ne2 e6 5. Ng3 Bg6 6. h4 h6 7. h5 Bh7 8. Bd3 Bxd3
9. cxd3 Qb6 10. Be3 Qxb2 11. Nd2 Bb4 12. O-O Bxd2 13. Rb1 Qxa2 14. Bxd2 Qa6 15.
Bb4 b6 16. Bd6 Ne7 17. Qg4 Rg8 18. Qh4 Qb7 19. f4 Nc8 20. f5 Nxd6 21. exd6 Qd7
22. fxe6 fxe6 23. Rbe1 Qxd6 24. Nf5 Qd7 25. Rxe6+ Qxe6 26. Re1 Qxe1+ 27. Qxe1+
Kd8 28. Qe7+ {Black resigns} 1-0

[Event "Team 45 45 League T84"]
[Site "Internet Chess Club"]
[Date "2020.05.01"]
[Round "5"]
[White "cap78red"]
[Black "Toalla"]
[Result "1-0"]
[WhiteElo "1492"]
[BlackElo "1160"]
[Opening "English opening"]
[ECO "A10"]
[Time "11:02:22"]
[TimeControl "2700+45"]

1. c4 g6 2. Nc3 e6 3. d3 Bg7 4. e4 c6 5. f4 Bxc3+ 6. bxc3 d5 7. cxd5 exd5 8. Bb2
Ne7 9. Nf3 Bg4 10. c4 Qa5+ 11. Qd2 Qxd2+ 12. Nxd2 O-O 13. h3 Be6 14. g4 f5 15.
gxf5 gxf5 16. Rg1+ Kf7 17. Rg7+ Ke8 18. Be2 fxe4 19. Ba3 Rf7 20. Bh5 Nd7 21.
Bxf7+ Bxf7 22. dxe4 Rd8 23. e5 Nf8 24. e6 Bxe6 25. Rxe7# {Black checkmated} 1-0

[Event "Team 45 45 League T84"]
[Site "Internet Chess Club"]
[Date "2020.05.02"]
[Round "5"]
[White "Conjurer"]
[Black "CMAlge"]
[Result "1-0"]
[WhiteElo "1259"]
[BlackElo "1197"]
[Opening "Queen's pawn, Mason variation"]
[ECO "D00"]
[Time "13:01:18"]
[TimeControl "2700+45"]

1. d4 d5 2. Bf4 Nf6 3. e3 c5 4. c3 Nc6 5. Nf3 Bg4 6. h3 Bxf3 7. Qxf3 e6 8. Nd2
Bd6 9. Bg5 Be7 10. Bd3 c4 11. Bc2 Qb6 12. b3 a5 13. bxc4 Qb2 14. Qd1 Qxc3 15.
cxd5 Nxd5 16. Bxe7 Ndxe7 17. O-O O-O 18. Ne4 Qc4 19. Nd6 Qa6 20. Rb1 Nb4 21. Ne4
Nxc2 22. Qxc2 Rac8 23. Qb3 Rc7 24. Nc5 Qc6 25. Nxb7 Rb8 26. Nxa5 Rxb3 27. Nxc6
Rxb1 28. Nxe7+ Rxe7 29. Rxb1 g6 30. a4 Ra7 31. Rb4 Kg7 32. f4 f5 33. g4 Kf6 34.
g5+ Ke7 35. Kf2 Kd6 36. Kf3 Kd5 37. Rb5+ Kc4 38. Rc5+ Kd3 39. a5 Rb7 40. a6 Rb2
41. Ra5 Rh2 42. Ra3+ Kc4 43. Kg3 {Black resigns} 1-0

[Event "Team 45 45 League T84"]
[Site "Internet Chess Club"]
[Date "2020.05.02"]
[Round "5"]
[White "zugknightly"]
[Black "PJ"]
[Result "1-0"]
[WhiteElo "1724"]
[BlackElo "1562"]
[Opening "English opening"]
[ECO "A20"]
[Time "09:01:11"]
[TimeControl "2700+45"]

1. c4 e5 2. d3 Nc6 3. Nf3 g6 4. Nc3 Bg7 5. g3 d6 6. Bg2 h6 7. e4 Be6 8. O-O Qd7
9. Nd5 Nce7 10. Be3 c6 11. Nxe7 Nxe7 12. Rc1 c5 13. Qd2 Bh3 14. Ne1 Bxg2 15.
Kxg2 g5 16. f3 Ng6 17. Kh1 O-O 18. Ng2 f6 19. f4 Kh7 20. f5 Ne7 21. h4 Kg8 22.
Rf2 Rfb8 23. hxg5 hxg5 24. Bxg5 Kf7 25. Be3 Rh8+ 26. Nh4 Rh5 27. Rh2 Rah8 28.
Rf1 Bh6 29. Bxh6 R8xh6 30. Rff2 Qc6 31. Kg1 Qa4 32. b3 Qe8 33. Nf3 Qh8 34. Rxh5
Rxh5 35. Rh2 Rxh2 36. Qxh2 Qxh2+ 37. Kxh2 Nc6 38. a3 Na5 39. Nd2 a6 40. Kh3 b5
41. cxb5 axb5 42. a4 bxa4 43. bxa4 Ke7 44. Kg4 Nc6 45. Nc4 Nb4 46. a5 Kd7 47.
Kh5 d5 48. exd5 Nxd5 49. Kg6 Kc6 50. g4 Nf4+ 51. Kxf6 Nxd3 52. Nxe5+ {Black
resigns} 1-0

[Event "Team 45 45 League T84"]
[Site "Internet Chess Club"]
[Date "2020.05.04"]
[Round "5"]
[White "Rybo88"]
[Black "scostanzo212"]
[Result "1/2-1/2"]
[WhiteElo "1456"]
[BlackElo "1548"]
[Opening "Sicilian: Smith-Morra gambit"]
[ECO "B21"]
[Time "15:05:18"]
[TimeControl "2700+45"]

1. e4 c5 2. d4 cxd4 3. c3 d5 4. e5 Bf5 5. cxd4 e6 6. Nf3 Bb4+ 7. Nc3 Ne7 8. Be2
O-O 9. O-O Nbc6 10. Nh4 a6 11. a3 Bxc3 12. bxc3 Na5 13. Bg5 Bg6 14. Qa4 Re8 15.
Rac1 b5 16. Qb4 Nac6 17. Qb2 Qd7 18. Nxg6 Nxg6 19. Bd3 Na5 20. Qc2 Nc4 21. Ra1
Rec8 22. Rfb1 Nb6 23. g3 Na4 24. Bd2 Rc6 25. Rb3 Rac8 26. Be2 Qc7 27. Rc1 Ne7
28. Qd3 Rc4 29. Qf3 Nf5 30. Bxc4 Qxc4 31. Rb4 Qa2 32. Qd1 Qxa3 33. Qb3 Qxb3 34.
Rxb3 Ne7 35. Rc2 Nc6 36. Be3 Na5 37. Ra3 Nc4 38. Rb3 Na5 39. Ra3 Nc4 40. Rb3 Na5
{Game drawn by repetition} 1/2-1/2

[Event "Team 45 45 League T84"]
[Site "Internet Chess Club"]
[Date "2020.04.29"]
[Round "5"]
[White "Kingofknights"]
[Black "RD1974"]
[Result "1/2-1/2"]
[WhiteElo "1557"]
[BlackElo "1568"]
[Opening "Dutch defense"]
[ECO "A40"]
[Time "20:30:35"]
[TimeControl "2700+45"]

1. d4 e6 2. c4 f5 3. g3 c6 4. Bg2 Nf6 5. Nc3 d5 6. b3 Bd6 7. Nf3 Nbd7 8. O-O O-O
9. Ng5 Qe7 10. Nh3 Ne4 11. Qd3 b6 12. Bf4 Bb7 13. Bxd6 Qxd6 14. f4 Ndf6 15. Nf2
Nxc3 16. Qxc3 Ne4 17. Nxe4 dxe4 18. e3 Rac8 19. c5 Qe7 20. b4 Ba6 21. Rfd1 Bd3
22. Bf1 Bxf1 23. Kxf1 b5 24. a4 a6 25. axb5 axb5 26. Ra5 Rc7 27. Rda1 g5 28. Ra6
gxf4 29. exf4 Kf7 30. Qb3 Qd7 31. Qc3 Qd5 32. Ke2 h5 33. Ke3 Rfc8 34. R1a3 Qd8
35. h4 Qg8 36. Kf2 Qg4 37. Qe1 Rd8 38. Ra7 Rdd7 39. Rxc7 Rxc7 40. Qe3 Qd1 41.
Ra6 Rd7 42. Rxc6 Rxd4 43. Rd6 Rxd6 44. cxd6 Qxd6 45. Qc3 Qd5 46. Qc7+ Kg6 47.
Qe7 Qd2+ 48. Kf1 Qd1+ 49. Kf2 Qf3+ 50. Ke1 Qxg3+ 51. Kd1 Qd3+ 52. Ke1 Qc3+ 53.
Kd1 Qd4+ 54. Ke1 Qf6 55. Qe8+ Kh6 56. Qxb5 Qxh4+ 57. Ke2 Qh2+ 58. Kf1 Qxf4+ 59.
Kg2 Qf3+ 60. Kg1 e3 61. Qe5 Qg4+ 62. Kh1 f4 63. Qf6+ Kh7 64. Qf7+ Kh8 65. Qf8+
Qg8 66. Qh6+ Qh7 67. Qf8+ Qg8 68. Qh6+ {Game drawn by mutual agreement} 1/2-1/2

[Event "Team 45 45 League T84"]
[Site "Internet Chess Club"]
[Date "2020.05.01"]
[Round "5"]
[White "BrerRabbit"]
[Black "tightfist"]
[Result "1-0"]
[WhiteElo "1375"]
[BlackElo "1377"]
[Opening "Queen's pawn game, Darooha variation "]
[ECO "D02"]
[Time "19:31:32"]
[TimeControl "2700+45"]

1. d4 Nf6 2. Nf3 d5 3. g3 Bf5 4. Bg2 h6 5. c4 c6 6. Nc3 e6 7. Qb3 Qb6 8. c5 Qxb3
9. axb3 Be7 10. O-O O-O 11. Bf4 Nbd7 12. b4 b6 13. Ra3 bxc5 14. bxc5 g5 15. Be5
Nxe5 16. Nxe5 Rfc8 17. Ra6 Rc7 18. Rfa1 Ng4 19. Nxc6 Bf6 20. Nb5 Bg7 21. Nxc7
{Black resigns} 1-0

[Event "Team 45 45 League T84"]
[Site "Internet Chess Club"]
[Date "2020.05.02"]
[Round "5"]
[White "Insan996"]
[Black "Constrictor"]
[Result "1-0"]
[WhiteElo "1655"]
[BlackElo "1555"]
[Opening "QGD Slav defense: exchange variation"]
[ECO "D13"]
[Time "14:21:15"]
[TimeControl "2700+45"]

1. d4 c6 2. c4 d5 3. cxd5 cxd5 4. Nc3 Nf6 5. Nf3 Nc6 6. Bf4 e6 7. e3 Be7 8. Bd3
O-O 9. O-O Nh5 10. Be5 f6 11. Ng5 Qe8 12. Nb5 Qf7 13. Nxf7 Rxf7 {Black resigns}
1-0

[Event "Team 45 45 League T84"]
[Site "Internet Chess Club"]
[Date "2020.05.02"]
[Round "5"]
[White "DaveTheRook"]
[Black "nidusin2"]
[Result "1-0"]
[WhiteElo "1571"]
[BlackElo "1582"]
[Opening "Old Indian: main line"]
[ECO "A55"]
[Time "12:04:11"]
[TimeControl "2700+45"]

1. d4 d6 2. c4 Nf6 3. Nf3 Nbd7 4. Nc3 e5 5. e4 c6 6. Be2 Qc7 7. O-O Be7 8. d5
Nf8 9. Re1 Bd7 10. b4 a6 11. a4 Ng6 12. Bd2 O-O 13. a5 Rfe8 14. Qc1 Bf8 15. Be3
Rac8 16. Bb6 Qb8 17. h3 Be7 18. Qe3 Nf4 19. Bf1 Bd8 20. Ba7 Qa8 21. Na4 c5 22.
Bb6 Bxa4 23. Bxd8 Rcxd8 24. Rxa4 cxb4 25. Rxb4 Qc8 26. Qb6 Re7 27. Nd2 Rc7 28.
Reb1 Rdd7 29. g3 Ng6 30. h4 Qd8 31. Bh3 Re7 32. Qe3 Rc5 33. Rxb7 Rxb7 34. Rxb7
Rxa5 35. Qa7 Ra1+ 36. Kg2 Qa5 37. Rb8+ Nf8 38. Qa8 g6 39. Rxf8+ Kg7 40. Nf3 h6
41. Rxf7+ Kxf7 42. Be6+ Kg7 43. Qb7+ Kh8 44. Qc8+ Kg7 45. Qb7+ Kh8 46. Qe7
{Black resigns} 1-0

[Event "Team 45 45 League T84"]
[Site "Internet Chess Club"]
[Date "2020.04.29"]
[Round "5"]
[White "fireball"]
[Black "pokerram"]
[Result "1/2-1/2"]
[WhiteElo "1489"]
[BlackElo "1539"]
[Opening "Sicilian: Smith-Morra gambit"]
[ECO "B21"]
[Time "10:04:55"]
[TimeControl "2700+45"]

1. e4 c5 2. d4 cxd4 3. c3 Nf6 4. e5 Nd5 5. cxd4 d6 6. Nf3 Nc6 7. Bb5 Bd7 8. exd6
exd6 9. O-O Be7 10. Nc3 Nxc3 11. bxc3 a6 12. Ba4 b5 13. Bb3 O-O 14. Re1 Bg4 15.
Bd5 Rc8 16. Qd3 Bxf3 17. Qxf3 Na5 18. Qg3 Nc4 19. a4 Re8 20. Bf4 bxa4 21. h3 Nb6
22. Bb7 Rb8 23. Bxa6 Nd5 24. Rxa4 Nxf4 25. Qxf4 Bf8 26. Rxe8 Rb1+ 27. Kh2 Qxe8
28. Bc4 Qd7 29. Bd5 Re1 30. Ra8 Re8 31. Rxe8 Qxe8 32. Kg3 g6 33. Kf3 Qd7 34. g4
Qe7 35. g5 Kg7 36. h4 f5 37. gxf6+ Qxf6 38. Qxf6+ Kxf6 39. c4 h6 40. Kg4 Bg7 41.
c5 dxc5 42. dxc5 Bf8 43. c6 Bd6 44. h5 g5 45. f3 Bc7 46. Be4 {Game drawn by
mutual agreement} 1/2-1/2

[Event "Team 45 45 League T84"]
[Site "Internet Chess Club"]
[Date "2020.05.01"]
[Round "5"]
[White "mongmong"]
[Black "Kingfisher75"]
[Result "1/2-1/2"]
[WhiteElo "1511"]
[BlackElo "1560"]
[Opening "Colle system"]
[ECO "D04"]
[Time "20:01:21"]
[TimeControl "2700+45"]

1. d4 Nf6 2. Nf3 d5 3. e3 c5 4. c3 e6 5. Bd3 Nc6 6. Nbd2 cxd4 7. cxd4 Bd6 8. O-O
O-O 9. a3 Qc7 10. b4 a6 11. Bb2 e5 12. dxe5 Nxe5 13. Nxe5 Bxe5 14. Bxe5 Qxe5 15.
Nf3 Qh5 16. Nd4 Qxd1 17. Rfxd1 Bd7 18. Rdc1 Rac8 19. h3 Ne4 20. Bxe4 dxe4 21. h4
f5 22. g3 h5 23. Kf1 Kf7 24. Ke1 Kf6 25. Kd2 Rxc1 26. Rxc1 Rc8 27. Rxc8 Bxc8 28.
Ne2 g5 29. hxg5+ Kxg5 30. Nf4 Bd7 31. Ng2 Kg4 32. Nh4 Kg5 33. Kc3 Kf6 34. Kd4
Bc6 35. Ng2 Bb5 36. Nf4 Be8 37. Ng2 Bc6 38. Nf4 Be8 39. Ng2 Bc6 40. Nh4 Bb5
{Game drawn by mutual agreement} 1/2-1/2

[Event "Team 45 45 League T84"]
[Site "Internet Chess Club"]
[Date "2020.05.03"]
[Round "5"]
[White "kidviper"]
[Black "Easy-Win"]
[Result "1-0"]
[WhiteElo "1837"]
[BlackElo "1734"]
[Opening "QGD: exchange, positional line"]
[ECO "D35"]
[Time "12:16:47"]
[TimeControl "2700+45"]

1. d4 d5 2. c4 e6 3. Nc3 Nf6 4. cxd5 exd5 5. Bg5 Nbd7 6. e3 Be7 7. Bd3 h6 8. Bh4
O-O 9. Nf3 Re8 10. O-O c6 11. Rc1 Ne4 12. Bxe7 Qxe7 13. Qc2 Ng5 14. Nxg5 hxg5
15. e4 dxe4 16. Nxe4 Nb6 17. Rfe1 Be6 18. Nc5 Qf6 19. Nxb7 Bd5 20. Qc5 Nd7 21.
Qd6 Qxd6 22. Nxd6 Rxe1+ 23. Rxe1 Bxa2 24. Be4 Bd5 25. Bxd5 cxd5 26. Re7 Nf6 27.
Rb7 a5 28. Nxf7 a4 29. Nxg5 a3 30. bxa3 Rxa3 {Black resigns} 1-0

[Event "Team 45 45 League T84"]
[Site "Internet Chess Club"]
[Date "2020.05.03"]
[Round "5"]
[White "Zugzwanged"]
[Black "kidcobra"]
[Result "1/2-1/2"]
[WhiteElo "1695"]
[BlackElo "1793"]
[Opening "Scotch: Potter variation"]
[ECO "C45"]
[Time "12:17:15"]
[TimeControl "2700+45"]

1. e4 e5 2. Nf3 Nc6 3. d4 exd4 4. Nxd4 Bc5 5. Nb3 Bb6 6. Nc3 Nf6 7. Qe2 O-O 8.
Bg5 h6 9. Bh4 Nd4 10. Qd3 Nxb3 11. axb3 Re8 12. O-O-O g5 13. Bg3 Ng4 14. Qf3 d6
15. Bc4 Qf6 16. Qxf6 Nxf6 17. f3 Nh5 18. Be1 Be6 19. Nd5 Bxd5 20. Bxd5 c6 21.
Bc4 Be3+ 22. Bd2 Bxd2+ 23. Rxd2 b5 24. Bf1 Rad8 25. g3 d5 26. exd5 Re1+ 27. Rd1
Rxd1+ 28. Kxd1 Rxd5+ 29. Bd3 Kg7 30. Ke2 f5 31. Ra1 Re5+ 32. Kd2 Re7 33. Bxf5
Nf6 34. Ra6 Rc7 35. b4 Kf7 36. Kd3 Ke7 37. Kd4 Kd6 38. c3 Nd5 39. Be4 Nb6 40. b3
Rd7 41. f4 gxf4 42. gxf4 Rc7 43. f5 Ke7 44. Ke5 Nd7+ 45. Kf4 Nb6 46. Kg4 Kf6 47.
Kh5 Ke5 48. Bc2 Nd5 49. Kxh6 Ne3 50. Bd3 Rd7 51. Be2 Nxf5+ 52. Kg5 Rg7+ 53. Kh5
Kf4 54. h4 Rg2 55. Bd3 Nxh4 56. Rxc6 Rh2 57. Rf6+ Ke5 58. Rf7 Nf5+ 59. Kg5 Rg2+
60. Kh5 Rh2+ 61. Kg6 Rg2+ 62. Kh7 Rh2+ 63. Kg6 Rg2+ {Game drawn by mutual
agreement} 1/2-1/2

[Event "Team 45 45 League T84"]
[Site "Internet Chess Club"]
[Date "2020.04.29"]
[Round "5"]
[White "pishd"]
[Black "KidRattler"]
[Result "1-0"]
[WhiteElo "1771"]
[BlackElo "1721"]
[Opening "Dutch"]
[ECO "A80"]
[Time "09:37:47"]
[TimeControl "2700+45"]

1. d4 f5 2. Nf3 Nf6 3. e3 e6 4. Be2 b6 5. O-O Be7 6. c4 Bb7 7. Nc3 O-O 8. d5 g6
9. dxe6 dxe6 10. Qc2 c5 11. Rd1 Qc8 12. b3 Nc6 13. a3 a6 14. Bb2 Rd8 15. Ng5 h6
16. Nh3 Kf7 17. f4 Qc7 18. Nf2 Rxd1+ 19. Rxd1 Rd8 20. Rxd8 Nxd8 21. Nd3 Bd6 22.
Na4 Ne4 23. Ne5+ Bxe5 24. Bxe5 Qd7 25. Nxb6 Qc6 26. Na4 Nd2 27. Bf1 Nf3+ 28.
gxf3 Qxf3 29. Bg2 Qxe3+ 30. Qf2 Qxb3 31. Nxc5 Qd1+ 32. Qf1 Qd2 33. Nxb7 Qe3+ 34.
Kh1 Nxb7 35. Bxb7 Qxa3 36. Qd1 Qe7 37. Bc6 a5 38. Qd7 g5 39. Qxe7+ Kxe7 40. c5
a4 41. Bxa4 g4 42. c6 Kd8 43. Bb5 g3 44. hxg3 Ke7 45. c7 Kf7 46. c8=Q Kg6 47.
Qg8+ Kh5 48. Be2# {Black checkmated} 1-0

[Event "Team 45 45 League T84"]
[Site "Internet Chess Club"]
[Date "2020.05.02"]
[Round "5"]
[White "Bumun"]
[Black "Ajolote"]
[Result "1/2-1/2"]
[WhiteElo "1700"]
[BlackElo "1900"]
[Opening "Sicilian: Smith-Morra gambit"]
[ECO "B21"]
[Time "13:01:43"]
[TimeControl "2700+45"]

1. e4 c5 2. d4 cxd4 3. c3 Nf6 4. e5 Nd5 5. Nf3 Nc6 6. cxd4 d6 7. Bc4 Nb6 8. Bb3
d5 9. O-O Bg4 10. Be3 e6 11. h3 Bf5 12. Nc3 Be7 13. Bc2 Bxc2 14. Qxc2 Rc8 15. a3
O-O 16. Rac1 Na5 17. Nd2 Nac4 18. Nxc4 Nxc4 19. Qb3 Qd7 20. Ne2 Rc6 21. Rc3 Rb6
22. Qd1 Rxb2 23. Nf4 Bxa3 24. Qa1 Qa4 25. Nd3 Rb5 26. Bc1 Ra5 27. Bxa3 Nxa3 28.
Nc5 Qxd4 29. Nb3 Nb1 30. Qxa5 Qxc3 31. Rxb1 Qxa5 32. Nxa5 b6 33. Nc6 Ra8 34. Kf1
Kf8 35. Ke2 Ke8 36. Kd3 Kd7 37. Nd4 f6 38. f4 Rc8 39. Re1 Re8 40. Rc1 {Game
drawn by mutual agreement} 1/2-1/2

[Event "Team 45 45 League T84"]
[Site "Internet Chess Club"]
[Date "2020.05.03"]
[Round "5"]
[White "hipopotamos"]
[Black "trombone"]
[Result "0-1"]
[WhiteElo "1641"]
[BlackElo "1781"]
[Opening "Robatsch defense: two knights variation"]
[ECO "B06"]
[Time "14:00:24"]
[TimeControl "2700+45"]

1. e4 g6 2. Nf3 Bg7 3. d4 d6 4. Nc3 a6 5. Bc4 b5 6. Bb3 e6 7. O-O Bb7 8. a3 Ne7
9. Re1 O-O 10. Be3 h6 11. Qd2 Kh7 12. Rad1 Nd7 13. d5 e5 14. Ne2 f5 15. exf5
gxf5 16. c3 Nf6 17. c4 bxc4 18. Bxc4 Nfxd5 19. Bxd5 Nxd5 20. Qc2 Nxe3 21. fxe3
Rf7 22. Ng3 Qf8 23. Nh4 Bc8 24. Rf1 e4 25. Nxe4 Qe7 26. g3 Bb7 27. Nf2 Qe5 28.
g4 Raf8 29. Nxf5 Kh8 30. Rd4 h5 31. Nxg7 Rxg7 32. Qb3 Bf3 33. Qc4 hxg4 34. Rf4
Rfg8 35. Qd3 g3 36. h3 gxf2+ 37. Kxf2 Rg2+ 38. Ke1 Re2+ 39. Qxe2 Bxe2 40. Kxe2
Qxb2+ 41. Ke1 Rg2 42. Rf8+ Kg7 43. R8f7+ Kg6 44. R7f6+ Qxf6 45. Rxf6+ Kxf6 46.
h4 Kg6 47. Kf1 Ra2 48. e4 Kh5 49. e5 dxe5 50. a4 Kxh4 51. a5 Kg3 52. Ke1 Kf3 53.
Kd1 Ke3 54. Kc1 Rh2 55. Kb1 Kd3 56. Kc1 e4 57. Kd1 Rh1# {White checkmated} 0-1

[Event "Team 45 45 League T84"]
[Site "Internet Chess Club"]
[Date "2020.05.02"]
[Round "5"]
[White "ivanson"]
[Black "JPSVI"]
[Result "0-1"]
[WhiteElo "1658"]
[BlackElo "1754"]
[Opening "French: Tarrasch"]
[ECO "C03"]
[Time "18:10:24"]
[TimeControl "2700+45"]

1. e4 e6 2. d4 d5 3. Nd2 dxe4 4. Nxe4 Bd7 5. c4 Bc6 6. Nc3 b6 7. Nf3 Nd7 8. Be2
Bb7 9. O-O Bd6 10. Nb5 Ngf6 11. Nxd6+ cxd6 12. Bf4 Qe7 13. Re1 h6 14. Qd2 g5 15.
Bg3 Ne4 16. Qe3 f5 17. Bd3 Ndf6 18. Nd2 f4 19. Bxf4 gxf4 20. Qxf4 Nxd2 21. Qxd2
O-O-O 22. Bf5 Kb8 23. Rxe6 Qg7 24. d5 Rhg8 25. f3 Ba6 26. Bd3 Nxd5 27. Rae1 Nf4
28. R6e3 Nxg2 {White resigns} 0-1

[Event "Team 45 45 League T84"]
[Site "Internet Chess Club"]
[Date "2020.04.30"]
[Round "5"]
[White "fireball"]
[Black "AboardBuffalo"]
[Result "1-0"]
[WhiteElo "1510"]
[BlackElo "1585"]
[Opening "Neo-Grünfeld, 6.O-O"]
[ECO "D77"]
[Time "11:02:21"]
[TimeControl "2700+45"]

1. d4 Nf6 2. g3 g6 3. Bg2 d5 4. c4 Bg7 5. Nf3 O-O 6. O-O c5 7. dxc5 dxc4 8. Na3
Qc7 9. Nxc4 Qxc5 10. b3 Bf5 11. Ba3 Qc7 12. Rc1 Nc6 13. Nce5 Rfd8 14. Qe1 Be4
15. Nxc6 Bxc6 16. Nd2 Nd5 17. Nc4 a5 18. e4 Nf6 19. f4 b5 20. Ne5 Ra6 21. Bxe7
Re8 22. Bxf6 Bxf6 23. Nxc6 Rxc6 24. Rxc6 Qxc6 25. Qxa5 Bc3 26. Qa7 Qd6 27. Kh1
Bd4 28. Qb7 Rb8 29. Qd5 Qxd5 30. exd5 Ra8 31. Rd1 Rxa2 32. Rxd4 Ra1+ 33. Bf1
Rxf1+ 34. Kg2 Ra1 35. d6 Ra8 36. d7 Rd8 37. Kf3 Kf8 38. Ke4 Ke7 39. Rd5 Rxd7 40.
Rxd7+ Kxd7 41. Kd5 f5 42. Kc5 h6 43. b4 g5 44. Kxb5 gxf4 45. gxf4 Kd6 46. Kb6
Kd5 47. b5 Ke4 48. Kc7 Kxf4 49. b6 Kg4 50. b7 f4 51. b8=Q h5 52. Qg8+ Kh3 53.
Qg1 f3 54. Qg3# {Black checkmated} 1-0

[Event "Team 45 45 League T84"]
[Site "Internet Chess Club"]
[Date "2020.05.03"]
[Round "5"]
[White "kabindra"]
[Black "Tjet"]
[Result "1-0"]
[WhiteElo "1688"]
[BlackElo "1297"]
[Opening "King's pawn opening"]
[ECO "B07"]
[Time "18:03:48"]
[TimeControl "2700+45"]

1. e4 d6 2. d4 e5 3. d5 c5 4. c4 g6 5. Nf3 Bg7 6. h3 Nf6 7. Nc3 a6 8. a4 O-O 9.
Be3 Nbd7 10. a5 Rb8 11. Bd3 b6 12. axb6 Qxb6 13. Rb1 Nh5 14. O-O Nf4 15. Bc2 Qd8
16. Ba4 Nb6 17. b3 Nxa4 18. Nxa4 Bd7 19. Qd2 Bxa4 20. bxa4 Rxb1 21. Rxb1 Bh6 22.
Bxf4 Bxf4 23. Qb2 f5 24. exf5 Rxf5 25. Qb8 Rf8 26. Qxd8 Rxd8 27. Rb6 e4 28. Ne1
e3 29. fxe3 Bxe3+ 30. Kf1 Rf8+ 31. Ke2 Re8 32. Kd1 Bf4 33. Rxa6 Bg3 34. Nf3 Kg7
35. Ra7+ Kh6 36. Kc2 Re3 37. a5 Ra3 38. a6 Ra2+ 39. Kb3 Rxg2 40. Rd7 Rf2 41. Ng1
Rf1 42. a7 Rb1+ 43. Ka2 Rxg1 44. a8=Q Be5 45. Qf8+ Kg5 46. Rxh7 Ra1+ 47. Kb3
Rb1+ 48. Ka4 Rb4+ 49. Ka5 Rxc4 50. Qf1 Rf4 51. Qg2+ Kf6 52. Rh6 Bc3+ 53. Kb6
Rb4+ 54. Kc6 {Black resigns} 1-0